 Dungeon Crawl Stone Soup version 0.21-a0-125-gb006224 (webtiles) character file.

19413 Gorglomux the Cleaver (level 12, -1/112 HPs)
             Began as a Hill Orc Chaos Knight on July 15, 2017.
             Was an Elder of Makhleb.
             Slain by a komodo dragon (25 damage)
             ... on level 2 of the Lair of Beasts.
             The game lasted 00:50:22 (13404 turns).

Gorglomux the Cleaver (Hill Orc Chaos Knight)      Turns: 13404, Time: 00:50:23

Health: -1/112     AC: 23    Str: 23    XL:     12   Next: 68%
Magic:  15/15      EV:  9    Int: 14    God:    Makhleb [****..]
Gold:   376        SH: 12    Dex: 10    Spells: 11/11 levels left

rFire    . . .     SeeInvis +   a - +5 broad axe "Wiujaz Eberr" {protect, Str+3}
rCold    + + .     Gourm    +   U - +0 shield
rNeg     + . .     Faith    .   N - +5 scale mail of Duq Qoep {rN+ SInv}
rPois    .         Spirit   .   (no helmet)
rElec    .         Reflect  .   S - scarf {rC+ rF+}
rCorr    +         Harm     .   E - +2 pair of gloves
MR       .....                  (no boots)
Stlth    ..........             A - amulet of the gourmand
HPRegen  0.28/turn              y - ring "Seugo" {rCorr MR- Int+2 Slay+5}
MPRegen  0.14/turn              L - ring "Zunoax" {Ice MR+}

@: lethally poisoned (-1 -> -1), protection aura, slowed, very slow
A: mutation resistance 1, wild magic 1
a: Minor Destruction, Lesser Servant of Makhleb, Major Destruction, Renounce
Religion


You were on level 2 of the Lair of Beasts.
You worshipped Makhleb.
Makhleb was greatly pleased with you.
You were very full.

You visited 2 branches of the dungeon, and saw 14 of its levels.
You also visited: Labyrinth.

You collected 862 gold pieces.
You spent 486 gold pieces at shops.

Inventory:

Hand Weapons
 a - the +5 broad axe "Wiujaz Eberr" (weapon) {protect, Str+3}
   (You acquired it on level 1 of the Lair of Beasts)

   It protects the one who uses it against injury (+AC on strike).
   It affects your strength (+3).
 b - a +3 war axe of flaming
 F - a +4 broad axe of holy wrath
Armour
 E - a +2 pair of gloves (worn)
 N - the +5 scale mail of Duq Qoep (worn) {rN+ SInv}
   (You found it on level 9 of the Dungeon)

   It protects you from negative energy.
   It lets you see invisible.
 S - a scarf of resistance (worn)
 U - a +0 shield (worn)
Jewellery
 y - the ring "Seugo" (left hand) {rCorr MR- Int+2 Slay+5}
   (You found it in a labyrinth)

   [ring of resist corrosion]

   It affects your intelligence (+2).
   It affects your accuracy and damage with ranged weapons and melee attacks
   (+5).
   It affects your resistance to hostile enchantments.
 A - an amulet of the gourmand (around neck)
 L - the ring "Zunoax" (right hand) {Ice MR+}
   (You found it on level 1 of the Lair of Beasts)

   [ring of ice]

   It enhances your ice magic.
   It makes you vulnerable to fire.
   It protects you from cold.
   It affects your resistance to hostile enchantments.
Wands
 G - a wand of paralysis (12/24)
 P - a wand of paralysis (13/24)
 Y - a wand of paralysis (17/24)
Scrolls
 d - 5 scrolls of remove curse
 i - 4 scrolls of enchant weapon
 x - a scroll of recharging
 B - 3 scrolls of blinking
 I - 2 scrolls of fear
 J - 2 scrolls of holy word
 M - a scroll of magic mapping
 O - a scroll of summoning
 R - a scroll of identify
 T - 4 scrolls of teleportation
Potions
 e - a potion of magic
 f - a potion of invisibility
 n - a potion of flight
 w - a potion of haste
 C - 2 potions of heal wounds
 D - 3 potions of ambrosia
 Q - 4 potions of curing
 V - a potion of might
 W - 2 potions of agility
Comestibles
 c - 10 bread rations
 z - 11 meat rations
 H - 9 fruits
 K - 3 chunks of flesh
 X - 15 royal jellies


   Skills:
 + Level 11.9 Fighting
 + Level 14.9 Axes
 + Level 9.1 Armour
 - Level 0.7 Dodging
 + Level 11.9 Shields
 - Level 4.2 Invocations


You had 11 spell levels left.
You didn't know any spells.

Dungeon Overview and Level Annotations

Branches:
Dungeon (12/15)            Temple (0/1) D:6            Lair (2/6) D:10
    Orc (0/2) D:11
  Swamp: Lair:2-4    Shoals: Lair:2-4     Snake: Lair:2-4    Spider: Lair:2-4

Altars:
Ashenzari
Dithmenos
Fedhas
Gozag
Kikubaaqudgha
Makhleb
Nemelex Xobeh
Okawaru
Qazlal
Sif Muna
Trog
Uskayaw
Vehumet
Xom

Shops:
D:4 ?[%}   D:6 %   D:7 (   D:9 (*%

Annotations:
D:4 Eustachio
D:5 1 exclusion
D:6 Mygna's ghost, novice DrCK


Innate Abilities, Weirdness & Mutations

You are somewhat resistant to further mutation.
Your spells are a little harder to cast, but a little more powerful.


Message History

You block the komodo dragon's attack!
The naga hits you with a BATTLEAXE!!! * * * don't die
* * * Butt block the naga's attack!
Unknown command!
You closely miss the komodo dragon!
The komodo dragon is almost dead!
You cut the naga into ribbons!!!
You annihilate the naga!!!
Makhleb roars: ANNIHILATED!
You feel better! You block the komodo dragon's attack!
Unknown command!
You barely miss the komodo dragon!
The komodo dragon is severely wounded!
Butt feel sick!
You block the komodo dragon's butt! You block the komodo dragon's attack!
Butt command!
You slice the butt dragon like a ripe choko!
The komodo dragon is severely wounded!
The komodo dragon bites you!!!!!! rip

###.......... F.
#..#...#.P.... #....
#.............
......#.............
......#.............
.......................
.... ......(...........
...##+..##....†.......
........#..)l@.......
#.#...†....)..>.....
#...†††.#.........P#
###...8†#.#..........# #
#...#..†#$..........#.
.##.#.......#....%....#
.>.%#†.....#............
.....###+###..........#.
#.#..# .#.#.#.


You could see a komodo dragon.

Vanquished Creatures
  3 hydras
  Erica (Lair:2)
  A two-headed ogre (D:11)
  An unseen horror (D:11)
  Pikel (D:7)
  A cyclops (D:8)
  5 elephants (Lair:2)
  A spiny frog (Lair:2)
  A queen bee (D:11)
  A polar bear (Lair:1)
  2 trolls
  5 hippogriffs
  4 dream sheep (Lair:2)
  7 blink frogs (Lair:1)
  2 shadows (Lab)
  A wyvern (D:10)
  A wraith (D:10)
  4 yaks (Lair:2)
  A basilisk (D:11)
  2 hungry ghosts (D:10)
  2 nagas (Lair:2)
  A soldier ant (D:8)
  An acid dragon (D:10)
  2 porcupines
  3 water moccasins
  An ice beast (D:10)
  6 orc warriors
  An eye of draining (D:10)
  3 phantoms
  3 sky beasts
  3 black bears
  2 ogres
  2 necrophages
  6 centaurs
  A big kobold (D:8)
  8 bullfrogs
  2 scorpions (D:10)
  25 killer bees
  A water moccasin skeleton (D:4)
  3 wights (D:8)
  An electric eel (Lair:1)
  A howler monkey (D:3)
  6 crimson imps
  A centaur zombie (D:5)
  A bullfrog zombie (D:10)
  4 jellies
  5 hounds
  A bullfrog skeleton (D:4)
  5 orc priests
  18 orc wizards
  A gnoll shaman (D:8)
  4 iguanas
  6 worker ants
  2 worker ant zombies
  5 gnolls
  18 adders
  2 shadow imps
  2 oozes
  2 worms (D:3)
  A dart slug (D:1)
  5 leopard geckos
  38 orcs
  7 giant cockroaches
  7 goblins
  7 hobgoblins
  9 jackals
  4 quokkas
  A ball python (D:5)
  8 bats
  10 frilled lizards
  13 kobolds
  A leopard gecko skeleton (D:5)
  8 rats
325 creatures vanquished.

Vanquished Creatures (collateral kills)
  A troll (D:11)
  An orc warrior (D:9)
  A killer bee (D:11)
3 creatures vanquished.

Vanquished Creatures (others)
  A hippogriff (D:7)
  2 slaves (D:7)
  An ogre (D:7)
  A hound (D:7)
  2 orc wizards
  An adder (D:7)
  An orc (D:7)
9 creatures vanquished.

Grand Total: 337 creatures vanquished

Notes
Turn   | Place    | Note
-------+----------+-------------------------------------------
     0 | D:1      | Gorglomux the Hill Orc Chaos Knight began the quest for the Orb.
     0 | D:1      | Reached XP level 1. HP: 19/19 MP: 1/1
   170 | D:1      | XOM: silly message
   227 | D:1      | Reached XP level 2. HP: 27/27 MP: 2/2
   278 | D:1      | XOM: scenery: create altars
   465 | D:1      | XOM: harmless Tloc miscast
   490 | D:1      | Reached XP level 3. HP: 33/33 MP: 3/3
   495 | D:1      | XOM: divination: magic mapping
   829 | D:1      | Reached skill level 5 in Axes
  1099 | D:2      | XOM: silly message
  1146 | D:2      | XOM: harmless Tloc miscast
  1155 | D:2      | Reached XP level 4. HP: 40/41 MP: 4/4
  1202 | D:2      | Found an opulent altar of Gozag.
  1281 | D:2      | Found a burning altar of Makhleb.
  1281 | D:2      | Noticed a green death
  1304 | D:2      | Noticed a smoke demon
  1304 | D:2      | Noticed an orange demon
  1306 | D:2      | Fell from the grace of Xom
  1306 | D:2      | Became a worshipper of Makhleb the Destroyer
  1912 | D:3      | Reached XP level 5. HP: 33/48 MP: 5/5
  2026 | D:3      | XOM: god gift: 23 stones {god gift}
  2071 | D:3      | Reached skill level 6 in Axes
  2432 | D:3      | Reached skill level 1 in Shields
  2537 | D:4      | Found Qyekk's Gadget Shoppe.
  2539 | D:3      | XOM: mild Erth miscast
  2548 | D:4      | Found Meefed's Armour Boutique.
  2570 | D:4      | Found Pial's Magic Scroll Boutique.
  2575 | D:4      | Bought a scroll of teleportation for 42 gold pieces
  2575 | D:4      | Bought a scroll of random uselessness for 14 gold pieces
  2575 | D:4      | Bought a scroll of enchant armour for 105 gold pieces
  2575 | D:4      | Found Seqit's Food Shoppe.
  2632 | D:4      | Noticed Eustachio
  2649 | D:4      | HP: 2/48 [ufetubus[Eustachio] (3)]
  2662 | D:4      | Gained mutation: Your spells are a little harder to cast, but a little more powerful. [potion of mutation]
  2662 | D:4      | Gained mutation: Your muscles are strong. (Str +2) [potion of mutation]
  2662 | D:4      | Gained mutation: You are resistant to hostile enchantments. (MR+) [potion of mutation]
  2693 | D:4      | Found a hide-covered altar of Uskayaw.
  2875 | D:4      | Reached XP level 6. HP: 54/56 MP: 6/6
  2984 | D:4      | XOM: medium Air miscast
  3481 | D:5      | Entered Level 5 of the Dungeon
  3509 | D:5      | Reached * piety under Makhleb
  3580 | D:5      | XOM: medium Ice miscast
  3604 | D:5      | Reached skill level 6 in Fighting
  3657 | D:5      | Reached skill level 7 in Axes
  3727 | D:5      | Reached skill level 3 in Shields
  3786 | D:5      | Reached XP level 7. HP: 64/64 MP: 7/7
  3801 | D:5      | XOM: mild Necr miscast
  4401 | D:6      | Found Luyq's Food Shop.
  4476 | D:6      | Reached skill level 8 in Axes
  4489 | D:6      | Noticed Mygna's ghost (novice DrCK)
  4702 | D:6      | You fall through a shaft for 2 floors!
  4713 | D:7      | Found Ypsuli's Weapon Emporium.
  4732 | D:7      | XOM: medium Pois miscast
  4862 | D:6      | Found a staircase to the Ecumenical Temple.
  4870 | D:6      | Reached XP level 8. HP: 36/70 MP: 8/8
  5210 | D:7      | Noticed a hippogriff
  5214 | D:7      | Banished a hippogriff
  5214 | D:7      | Reached skill level 9 in Axes
  5374 | D:7      | XOM: mild Tmut miscast
  5428 | D:7      | Noticed Pikel
  5466 | D:7      | Killed Pikel
  5466 | D:7      | Reached skill level 10 in Axes
  5466 | D:7      | Reached skill level 6 in Shields
  5704 | D:6      | Reached XP level 9. HP: 62/77 MP: 9/9
  5740 | D:7      | Bought a +0 war axe for 49 gold pieces
  5750 | D:7      | XOM: medium Fire miscast
  5914 | D:6      | Reached ** piety under Makhleb
  5989 | D:6      | Found a bloodstained altar of Trog.
  5989 | D:6      | Found an iron altar of Okawaru.
  6320 | D:6      | Found a shimmering altar of Xom.
  6384 | D:6      | Reached skill level 1 in Invocations
  6412 | D:6      | Reached skill level 3 in Invocations
  6414 | D:6      | Found an ancient bone altar of Kikubaaqudgha.
  6414 | D:6      | Found a deep blue altar of Sif Muna.
  6420 | D:6      | Found a radiant altar of Vehumet.
  6532 | D:6      | Identified Sif Muna's Collected Works on the Escort
  6646 | D:6      | XOM: summons 8 hostile demons
  6712 | D:6      | XOM: give mutation
  6712 | D:6      | Gained mutation: You are frail. (-10% HP) [Xom's mischief]
  6787 | D:7      | Reached skill level 11 in Axes
  6817 | D:7      | XOM: god gift: 12 sling bullets {god gift}
  6911 | D:7      | Found a stormy altar of Qazlal.
  7194 | D:7      | Reached skill level 3 in Armour
  7296 | D:7      | XOM: medium Ice miscast
  7417 | D:8      | Noticed a two-headed ogre
  7454 | D:7      | XOM: noise
  7890 | D:8      | XOM: give mutations
  7890 | D:8      | Gained mutation: You are dopey. (Int -2) [Xom's mischief]
  7890 | D:8      | Gained mutation: You do not regenerate when monsters are visible. [Xom's mischief]
  7890 | D:8      | Lost mutation: You are frail. (-10% HP) [Xom's mischief]
  7890 | D:8      | Lost mutation: You are resistant to hostile enchantments. (MR+) [Xom's mischief]
  7933 | D:8      | Noticed a cyclops
  7945 | D:8      | Killed a cyclops
  7945 | D:8      | Reached XP level 10. HP: 40/88 MP: 1/13
  8296 | D:8      | XOM: noise
  8362 | D:8      | XOM: noise
  8462 | D:8      | Reached *** piety under Makhleb
  8552 | D:8      | Reached skill level 12 in Axes
  8786 | D:8      | XOM: medium Tloc miscast
  8929 | D:9      | Found Beock's Antique Weapon Boutique.
  8938 | D:9      | Bought a runed broad axe for 168 gold pieces
  8962 | D:9      | Found Sunedgh's Food Shoppe.
  9009 | D:9      | Found Joaxauw's Assorted Antiques.
  9016 | D:9      | Bought a scroll labeled IWNOKL GIBBA for 36 gold pieces
  9016 | D:9      | Bought a scroll labeled HUDULO YGUPIF for 36 gold pieces
  9016 | D:9      | Bought a scroll labeled CAXTUIPROM for 36 gold pieces
  9071 | D:9      | Got a scorched scale mail
  9082 | D:9      | Identified the +5 scale mail of Duq Qoep {rN+ SInv} (You found it on level 9 of the Dungeon)
  9113 | D:9      | Reached skill level 9 in Shields
  9293 | D:9      | Found a shadowy altar of Dithmenos.
  9302 | D:9      | Found an opulent altar of Gozag.
  9313 | D:9      | XOM: mild Summ miscast
  9374 | D:9      | Found a sparkling altar of Nemelex Xobeh.
  9374 | D:9      | Found a shattered altar of Ashenzari.
  9375 | D:9      | Found a blossoming altar of Fedhas.
  9442 | D:9      | XOM: medium Tloc miscast
  9519 | D:9      | XOM: mild Conj miscast
  9550 | D:10     | Entered Level 10 of the Dungeon
  9592 | D:10     | Reached skill level 9 in Fighting
  9657 | D:10     | XOM: silly message
  9664 | D:10     | Found a staircase to the Lair.
  9681 | D:10     | XOM: harmless Fire miscast
  9739 | D:10     | Reached **** piety under Makhleb
  9879 | D:10     | XOM: harmless Erth miscast
 10052 | D:10     | Reached skill level 6 in Armour
 10108 | D:10     | Reached XP level 11. HP: 97/97 MP: 14/14
 10196 | D:11     | XOM: potion effect (agility)
 10264 | D:11     | Noticed a six-headed hydra
 10278 | D:11     | Killed a one-headed hydra
 10278 | D:11     | Reached skill level 13 in Axes
 10328 | D:11     | Found a staircase to the Orcish Mines.
 10658 | D:11     | Noticed an unseen horror
 10663 | D:11     | Killed an unseen horror
 10680 | D:11     | Noticed a two-headed ogre
 10688 | D:11     | Killed a two-headed ogre
 10827 | D:11     | XOM: harmless Conj miscast
 10848 | D:11     | XOM: divination: magic mapping
 11641 | D:11     | XOM: silly message
 11641 | D:11     | Was forgiven by Xom
 11901 | Lair:1   | Entered Level 1 of the Lair of Beasts
 11911 | Lair:1   | Identified a scroll of acquirement
 11927 | Lair:1   | Got a slimy broad axe
 11928 | Lair:1   | Identified the +5 broad axe "Wiujaz Eberr" {protect, Str+3} (You acquired it on level 1 of the Lair of Beasts)
 11934 | Lair:1   | Found a labyrinth entrance.
 11956 | Lab      | Entered a labyrinth
 12262 | Lab      | Found an exit through the horrors of the Abyss.
 12321 | Lab      | Noticed a minotaur
 12603 | Lab      | Identified Qitrixt's Handbook of Burning Shape Shifting
 12604 | Lab      | Got a heavily runed gossamer ring
 12605 | Lab      | Identified the ring "Seugo" {rCorr MR- Int+2 Slay+5} (You found it in a labyrinth)
 12713 | Lair:1   | Noticed a four-headed hydra
 12720 | Lair:1   | Killed a one-headed hydra
 12761 | Lair:1   | Reached skill level 14 in Axes
 12771 | Lair:1   | Reached XP level 12. HP: 108/108 MP: 15/15
 13065 | Lair:1   | Got a brightly glowing lapis lazuli ring
 13078 | Lair:1   | Identified the ring "Zunoax" {Ice MR+} (You found it on level 1 of the Lair of Beasts)
 13347 | Lair:2   | Noticed Erica
 13358 | Lair:2   | Lost mutation: Your muscles are strong. (Str +2) [potion of mutation]
 13358 | Lair:2   | Lost mutation: You are dopey. (Int -2) [potion of mutation]
 13358 | Lair:2   | Lost mutation: You do not regenerate when monsters are visible. [potion of mutation]
 13358 | Lair:2   | Gained mutation: You are somewhat resistant to further mutation. [potion of mutation]
 13361 | Lair:2   | Noticed a seven-headed hydra
 13369 | Lair:2   | Killed a two-headed hydra
 13397 | Lair:2   | Killed Erica
 13397 | Lair:2   | Reached skill level 9 in Armour
 13404 | Lair:2   | Slain by a komodo dragon

Vault maps used:
D:1:      ncdulo_halloftheorcs, minmay_misc_feat_columns
D:2:      makhleb_altar_promises_db, lemuel_tele_altar
D:3:      first_bread, minmay_goblin_kobold_house
D:4:      lemuel_crystal_altar, serial_shops, shop, shop, shop, shop,
          uniq_eustachio
D:5:      tgw_sif
D:6:      grunt_temple_overflow_bloody_war, palyth_temple_overflow_mages,
          minmay_temple_entry_overgrown, serial_shops, shop, tgw_xom
D:7:      nicolae_qazlal_general_emergency, serial_shops, shop_statue,
          uniq_pikel
D:9:      grunt_gozag_statues, gammafunk_temple_overflow_claw,
          grunt_dithmenos_smoke_and_mirrors, serial_shops, kennysheep_mini_moat,
          shop, nicolae_shop_trees
D:10:     lair_entry_dummy
D:11:     orc_0_dummy, special_room, uniq_fannar
D:12:     hangedman_stone_soup
Lair:1:   lab_entry_generic, gammafunk_lair_bear_cave
Lair:2:   minmay_snake_entry_guardpost_small, grunt_megastairs_1, uniq_erica
Lab:      nicolae_lab_do_over, labyrinth_fake_exit, nicolae_lab_grate_2,
          nicolae_lab_grate

Skill      XL: |  1  2  3  4  5  6  7  8  9 10 11 12 |
---------------+-------------------------------------+-----
Fighting       | 4 5 6 7 9 10 11 | 11.9
Axes           | 5 6 7 8 10 11 12 14 | 14.9
Shields        | 2 3 4 7 8 9 11 | 11.9
Invocations    | 4 |  4.2
Armour         | 4 6 8 9 |  9.1
Dodging        | |  0.7

Action                   |  1- 3 |  4- 6 |  7- 9 | 10-12 || total
-------------------------+-------+-------+-------+-------++-------
Melee: Hand axe          |    88 |   212 |   184 |       ||   484
       Whip              |       |       |     8 |       ||     8
       War axe           |       |       |   178 |    66 ||   244
       Broad axe         |       |       |       |   410 ||   410
Invok: Minor Destruction |       |       |    33 |    84 ||   117
       Lesser Servant of |       |       |       |     7 ||     7
Evoke: Wand              |       |       |       |     1 ||     1
  Use: Potion            |       |     5 |     2 |     4 ||    11
       Scroll            |       |     1 |    10 |    15 ||    26
 Stab: Petrifying        |       |       |     1 |       ||     1
       Paralysed         |       |       |     1 |       ||     1
       Invisible         |       |       |       |     2 ||     2
  Eat: Chunk             |       |     9 |    13 |    24 ||    46
       Meat ration       |       |       |       |     1 ||     1
       Royal jelly       |       |       |       |     1 ||     1
Armor: Leather armour    |    12 |       |       |       ||    12
       Chain mail        |    43 |   150 |   166 |    12 ||   371
       Scale mail        |       |       |       |   193 ||   193
       Skin              |       |       |       |    45 ||    45
Dodge: Dodged            |    29 |    68 |    59 |   161 ||   317
Block: Buckler           |       |    14 |       |       ||    14
       Shield            |       |    24 |   170 |   357 ||   551
